 Dungeon Crawl Stone Soup version 0.28-a0-1412-gf95308ed99 (webtiles) character file.

Game seed: 3141722734780234302

448 YayAnonymity the Vandal (level 6, -2/44 HPs)
             Began as a Demonspawn Hunter on Jan 7, 2022.
             Was an Initiate of Trog.
             Slain by Edmund (5 damage)
             ... in the Ecumenical Temple.
             The game lasted 00:06:27 (5851 turns).

YayAnonymity the Vandal (Demonspawn Hunter)         Turns: 5851, Time: 00:06:28

Health: -2/44      AC:  6    Str: 15    XL:     6   Next: 73%
Magic:  6/6        EV: 12    Int: 12    God:    Trog [......]
Gold:   157        SH:  0    Dex: 13    Spells: 5/5 levels left

rFire   . . .      SeeInvis .   b - +0 dagger (drain)
rCold   . . .      Faith    .   (no shield)
rNeg    . . .      Spirit   .   r - +0 ring mail
rPois   .          Reflect  .   (no helmet)
rElec   .          Harm     .   l - +0 cloak
rCorr   .          Rampage  .   (no gloves)
Will    .....                   (no boots)
Stlth   +.........              (no amulet)
HPRegen 0.14/turn               (no ring)
MPRegen 0.10/turn               (no ring)

@: mighty
A: hooves 2, ignite blood 1
a: Renounce Religion


You were in the Ecumenical Temple.
You worshipped Trog.
Trog was noncommittal.
You visited 2 branches of the dungeon, and saw 6 of its levels.

You collected 157 gold pieces.

Inventory:

Hand Weapons
 a - a +1 hunting sling
 b - a +0 dagger of draining (weapon)
 x - the +6 quarterstaff "Golus" {flame, rN+ Will- rCorr Int+2}
   (You found it on level 4 of the Dungeon)

   It burns those it strikes, dealing additional fire damage.
   Int:       It affects your intelligence (+2).
   rN:        It protects you from negative energy.
   rCorr:     It protects you from acid and corrosion.
   Will:      It decreases your willpower.
Missiles
 m - 6 sling bullets
 n - 37 stones (quivered)
 o - a throwing net
Armour
 l - a +0 cloak (worn)
 r - a +0 ring mail (worn)
Wands
 d - a wand of flame (35)
Scrolls
 c - a scroll of vulnerability {unknown}
 e - 3 scrolls of identify {unknown}
 f - a scroll of enchant armour {unknown}
 h - a scroll of magic mapping {unknown}
 i - a scroll of summoning {unknown}
 k - 2 scrolls of immolation {unknown}
 q - 3 scrolls of teleportation {unknown}
 w - a scroll of fear {unknown}
Potions
 j - 2 potions of curing {unknown}
 p - 2 potions of haste {unknown}
 s - 2 potions of mutation {unknown}
 t - 2 potions of attraction {unknown}
 u - a potion of cancellation {unknown}


   Skills:
 - Level 2.0 Fighting
 * Level 6.4 Slings
 + Level 4.0 Dodging
 - Level 0.8 Stealth


You had 5 spell levels left.
You didn't know any spells.
Your spell library contained the following spells:

 Spells                   Type           Power      Damage    Failure   Level
 Conjure Flame            Conj/Fire      0%         6-21      89%         3
 Ignite Poison            Fire/Tmut/Pois 0%         N/A       89%         3
 Stone Arrow              Conj/Erth      0%         3d7       89%         3
 Animate Armour           Summ/Erth      0%         N/A       100%        4
 Sticky Flame             Conj/Fire      0%         2d3       100%        4
 Lehudib's Crystal Spear  Conj/Erth      0%         10d2      100%        8


Dungeon Overview and Level Annotations

Branches:
Dungeon (5/15)             Temple (1/1) D:5

Altars:
Ashenzari
Cheibriados
Elyvilon
Fedhas
Gozag
Hepliaklqana
Nemelex Xobeh
Okawaru
Qazlal
Ru
Sif Muna
Trog
Uskayaw
Vehumet
Wu Jian
Xom
Yredelemnul
The Shining One

Shops:
D:2 *

Annotations:
Temple Edmund


Innate Abilities, Weirdness & Mutations

You have hoof-like feet.
Your demonic aura sometimes causes spilled blood to erupt in flames.


Message History

You hit the scorpion. You drain the scorpion. Your kick misses the scorpion.
The scorpion is lightly wounded.
You feel very sick. The scorpion misses you.
You hit the scorpion but do no damage. You drain the scorpion.
Your kick misses the scorpion.
The scorpion is moderately wounded.
You feel sick.
The scorpion stings you but does no damage.
You barely miss the scorpion.
You punch the scorpion, but do no damage.
The scorpion is moderately wounded.
You feel sick.
The scorpion stings you but does no damage.
You hit the scorpion but do no damage. You drain the scorpion.
The scorpion is heavily wounded.
You feel sick. The scorpion barely misses you.
Edmund hits you with a +1 flail of holy wrath.
You convulse.
You feel sick.
Edmund drinks a potion.
Edmund seems to grow stronger.
The scorpion stings you but does no damage.
An orc comes into view. It is wielding a +0 flail.
You feel sick.
The orc shouts!
You feel sick.
You feel sick.
You feel sick.
You are no longer poisoned.
There is a staircase to the Ecumenical Temple here.
Edmund hits you with a +1 flail of holy wrath!
* * * LOW HITPOINT WARNING * * *
You convulse.
* * * LOW HITPOINT WARNING * * *
You climb downwards.
Welcome back to the Ecumenical Temple!
There is a staircase back to the Dungeon here.
You feel very mighty all of a sudden.
Edmund hits you with a +1 flail of holy wrath!
* * * LOW HITPOINT WARNING * * *
You convulse.
You die...

..#...###....### ###....###...#..
.#.....#.......###.......#.....#.
#..._..#.._.....#....._..#.._...#
.......#.................#.......
#.....###....#.....#....###.....#
##...## ##...##...##...## ##...##
#.....###...####.####...###.....#
.......#.....##.@.##.....#.......
.._.......#._#..@..#_.#......._..
.......#.....##...##.....#.......
#.....###...####.####...###.....#
##...## ##...##...##...## ##...##
#.....###....#.....#....###.....#
.......#.................#.......
#..._..#.._.....#....._..#.._...#
.#.....#.......###.......#.....#.
..#...###....### ###....###...#..


You could see Edmund (strong).

Vanquished Creatures
  A scorpion (D:4)
  A bullfrog zombie (D:5)
  2 jellies
  3 iguanas
  Natasha (thrice) (D:1)
  A hound skeleton (D:5)
  3 gnolls
  An adder (D:4)
  A worm (D:3)
  5 dart slugs
  4 bats
  7 endoplasms
  4 giant cockroaches
  4 goblins
  13 hobgoblins
  6 jackals (D:1)
  9 kobolds
  3 quokkas
  10 ball pythons
  4 frilled lizards
  3 rats
88 creatures vanquished.

Vanquished Creatures (others)
  2 withered plants (D:2)
2 creatures vanquished.

Grand Total: 90 creatures vanquished

Notes
Turn   | Place    | Note
-------+----------+-------------------------------------------
     0 | D:1      | YayAnonymity the Demonspawn Hunter began the quest for the
                  | Orb.
     0 | D:1      | Reached XP level 1. HP: 16/16 MP: 1/1
   174 | D:1      | Gained mutation: You have large cloven feet. [demonic
                  | ancestry]
   174 | D:1      | Reached XP level 2. HP: 22/22 MP: 2/2
   178 | D:1      | Reached skill level 4 in Slings
   835 | D:1      | Gained mutation: You have hoof-like feet. [demonic
                  | ancestry]
   835 | D:1      | Reached XP level 3. HP: 24/27 MP: 3/3
  1180 | D:2      | Noticed Natasha
  1192 | D:1      | Killed Natasha
  1323 | D:1      | Noticed Natasha
  1332 | D:1      | Killed Natasha
  1333 | D:1      | Reached XP level 4. HP: 21/33 MP: 4/4
  1446 | D:1      | Noticed Natasha
  1459 | D:1      | Killed Natasha
  1460 | D:1      | Reached skill level 5 in Slings
  2360 | D:2      | Found a blossoming altar of Fedhas.
  2492 | D:2      | Found a faded altar of an unknown god.
  2720 | D:2      | Found Neucwull's Assorted Antiques.
  3186 | D:3      | Reached XP level 5. HP: 36/38 MP: 5/5
  3695 | D:3      | Found a sparkling altar of Nemelex Xobeh.
  4479 | D:4      | Identified the +6 quarterstaff "Golus" {flame, rN+ Will-
                  | rCorr Int+2}
  4869 | D:4      | Reached skill level 6 in Slings
  4869 | D:4      | Gained mutation: Your demonic aura sometimes causes spilled
                  | blood to erupt in flames. [demonic ancestry]
  4869 | D:4      | Reached XP level 6. HP: 17/44 MP: 6/6
  5240 | D:5      | Entered Level 5 of the Dungeon
  5548 | D:5      | Found a staircase to the Ecumenical Temple.
  5557 | Temple   | Entered the Ecumenical Temple
  5576 | Temple   | Became a worshipper of Trog the Wrathful
  5835 | D:5      | Noticed Edmund
  5851 | Temple   | Slain by Edmund

Illustrated notes

Levels and vault maps discovered:
D:1:      minmay_arrival_three_doors, layout_loops_ring
D:2:      layout_basic, basic_altar, serial_shops, shop,
          ebering_ecumenical_altar_petrified, minmay_tetromino_o2, uniq_natasha
D:3:      layout_loops_corners, mainiacjoe_overflow_large_starburst
D:4:      layout_basic
D:5:      layout_basic, lemuel_coloured_pillars_altar,
          mainiacjoe_overflow_catch_the_wave,
          minmay_temple_entry_gardened_gates, uniq_edmund, uniq_duvessa
Temple:   eino_temple_scatter_basement

Skill      XL: |  1  2  3  4  5  6 |
---------------+-------------------+-----
Dodging        | 2 3 4 |  4.0
Slings         | 4 5 6 |  6.4
Fighting       | |  2.0
Stealth        | |  0.8

Action                   |  1- 3 |  4- 6 || total
-------------------------+-------+-------++-------
Melee: Short sword       |    31 |    19 ||    50
       Kick              |     7 |    52 ||    59
       Dagger            |       |   148 ||   148
       Punch             |       |     2 ||     2
 Fire: Hunting sling     |    75 |    28 ||   103
  Use: Potion            |       |     1 ||     1
 Stab: Sleeping          |     1 |       ||     1
Armor: Leather armour    |    12 |     1 ||    13
       Ring mail         |       |    56 ||    56
Dodge: Dodged            |    35 |    98 ||   133

Table legend: (Time is in decaauts)
 A = Elapsed time spent in this place.
 B = Non-inter-level travel time spent in this place.
 C = Inter-level travel time spent in this place.
 D = Time resting spent in this place.
 E = Time spent auto-exploring this place.
 F = Levels seen in this place.
 G = Mean time per level.
                   A        B        C        D        E       F      G
               +--------+--------+--------+--------+--------+-----+--------+
         Total |   5860 |   5603 |    257 |    367 |   4450 |   6 |  976.7 |
       Dungeon |   5645 |   5407 |    238 |    367 |   4279 |   5 | 1129.0 |
        Temple |    215 |    196 |     19 |      0 |    171 |   1 |  215.0 |
               +--------+--------+--------+--------+--------+-----+--------+

Top non-repeatable levels by time:
     D:1: 2278 daAuts
     D:3: 1356 daAuts
     D:4: 956 daAuts
     D:2: 879 daAuts
  Temple: 215 daAuts
     D:5: 174 daAuts
